 Dungeon Crawl Stone Soup version 0.31-a0-430-gf8416d752b (webtiles) character file.

Game seed: 14466465279451416837

61 Ethylacetat the Changeling (level 4, -3/23 HPs)
             Began as a Vine Stalker Shapeshifter on July 31, 2023.
             Succumbed to a kobold's poison
             ... on level 2 of the Dungeon.
             The game lasted 00:01:21 (1211 turns).

Ethylacetat the Changeling (VSSh)                   Turns: 1211, Time: 00:01:21

Health: -3/23      AC:  6    Str: 17    XL:     4   Next: 7%
Magic:  5/5        EV: 12    Int:  8    God:
Gold:   75         SH:  0    Dex: 17    Spells: 3/3 levels left

rFire   . .          .
                       - Unarmed
rCold   . . .        (no shield)
rNeg    . . .        j - +3 leather armour
rPois   .            (helmet currently unavailable)
rElec   .            (cloak currently unavailable)
rCorr   .            (gloves currently unavailable)
SInv    .            (boots currently unavailable)
Will    .....        (no amulet)
Stlth   +            (no ring)
HPRegen 1.03/turn    (no ring)
MPRegen 0.09/turn

%: guardian spirit
@: lethally poisoned (-3 -> -24), beast-form
A: beast (slay +2), fangs 2, regeneration 1, magic shield, antimagic bite, no
potion heal 2
a: Begin Untransformation


You were on level 2 of the Dungeon.
You were a hulking beast.
You visited 1 branch of the dungeon, and saw 2 of its levels.

You collected 75 gold pieces.

Inventory:

Armour
 j - a +3 leather armour (worn)
Talismans
 c - a beast talisman (active)
Scrolls
 d - 4 scrolls of poison {unknown}
 e - a scroll of enchant weapon {unknown}
 f - a scroll of teleportation {unknown}
 i - a scroll of revelation {unknown}
Potions
 b - a potion of lignification
 g - 2 potions of heal wounds {unknown}
 h - a potion of attraction {unknown}


   Skills:
 + Level 1.7 Fighting
 - Level 1.5 Dodging
 + Level 3.5 Unarmed Combat
 * Level 3.7 Shapeshifting


You had 3 spell levels left.
You didn't know any spells.
Your spell library was empty.

Dungeon Overview and Level Annotations

Branches:
Dungeon (2/15)

Altars:


Innate Abilities, Weirdness & Mutations

You are a hulking beast.
Your limbs bulge with bestial killing power. (Slay +2)
You have extremely sharp teeth.
Your natural rate of healing is unusually fast.
When hurt, damage is shared between your health and your magic reserves.
Your bite disrupts and absorbs the magic of your enemies.
Potions cannot restore your health.


Message History

Key pressed, stopping explore.
No target in view!
No target in view!
No target in view!
An adder and a kobold come into view.
The kobold is wielding a +1 dagger of venom.
The adder hisses angrily.
The kobold shouts!
There are monsters nearby!
You closely miss the adder. The adder bites you but does no damage.
You barely miss the adder. The adder bites you but does no damage.
The adder closely misses you.
You hit the adder. Your bite misses the adder.
The adder is heavily wounded.
The kobold hits you but does no damage.
You are poisoned.
The adder bites you.
You are lethally poisoned!
The adder poisons you!
You punch the adder!
You kill the adder!
You feel very sick. The kobold barely misses you.
You have reached level 4!
You feel agile.
You begin to heal more quickly.
You barely miss the kobold.
You feel sick.
The kobold hits you with a +1 dagger of venom.
You are lethally poisoned!
You hit the kobold but do no damage.
You feel very sick. The kobold hits you but does no damage.
You are more poisoned.
You barely miss the kobold.
* * * LOW HITPOINT WARNING * * *
You feel very sick. The kobold hits you but does no damage.
You are more poisoned.
You barely miss the kobold. You bite the kobold, but do no damage.
You die...

............##.
......#.#..........#.#.
......#. #......##.#..
......##.#..†.#.##...
.....#.#.#.†#.#.#...
#.....#.##..##.#.... #
#.....$##... ##..... ..
###.K†...#..... #.....
#.###....h...#..... #.....
#.....#......##....##.....
............#.##..##.#....
..##.#....#.#(#..#.#.#...
#......##.#....#.##...
##....#.##......##.#..
##..#.#..........#.#.
##...##............##. #
#...#................#


You could see a kobold.

Vanquished Creatures
  An adder (D:2)
  3 worms (D:2)
  2 dart slugs (D:1)
  6 endoplasms
  2 giant cockroaches
  A goblin (D:1)
  5 hobgoblins
  4 jackals (D:2)
  A quokka (D:1)
  6 ball pythons
  A bat (D:2)
  2 frilled lizards (D:1)
  A kobold (D:2)
  2 rats (D:1)
37 creatures vanquished.

Notes
Turn   | Place    | Note
-------+----------+-------------------------------------------
     0 | D:1      | Ethylacetat the Vine Stalker Shapeshifter began the quest
                  | for the Orb.
     0 | D:1      | Reached XP level 1. HP: 9/9 MP: 2/2
    78 | D:1      | Reached skill level 1 in Fighting
   199 | D:1      | Reached XP level 2. HP: 14/14 MP: 3/3
   754 | D:2      | Reached XP level 3. HP: 18/18 MP: 4/4
  1208 | D:2      | Gained mutation: Your natural rate of healing is unusually
                  | fast. [Vine Stalker growth]
  1208 | D:2      | Reached XP level 4. HP: 14/23 MP: 5/5
  1211 | D:2      | Succumbed to a kobold's poison

Illustrated notes

Levels and vault maps discovered:
D:1:      onia_arrival_mini_spirals, layout_loops_ring, fountainhead
D:2:      layout_loops_ring, nrook_mini_vaults, minmay_misc_feat_secret_circle

Skill      XL: |  1 |
---------------+----+-----
Fighting       | 1 |  1.7
Dodging        | |  1.5
Unarmed Combat | |  3.5
Shapeshifting  | |  3.7

Action                     |  1- 3 |  4- 6 || total
---------------------------+-------+-------++-------
  Melee: Unarmed           |    88 |     4 ||    92
         Bite              |    20 |     1 ||    21
         Punch             |     1 |       ||     1
   Stab: Sleeping          |     3 |       ||     3
 Armour: Animal skin       |     6 |       ||     6
         Leather armour    |     3 |     2 ||     5
  Dodge: Dodged            |    65 |       ||    65

Table legend: (Time is in decaauts)
 A = Elapsed time spent in this place.
 B = Non-inter-level travel time spent in this place.
 C = Inter-level travel time spent in this place.
 D = Time resting spent in this place.
 E = Time spent auto-exploring this place.
 F = Levels seen in this place.
 G = Mean time per level.
                   A        B        C        D        E       F      G
               +--------+--------+--------+--------+--------+-----+--------+
         Total |   1205 |   1186 |     19 |      0 |    958 |   2 |  602.5 |
       Dungeon |   1205 |   1186 |     19 |      0 |    958 |   2 |  602.5 |
               +--------+--------+--------+--------+--------+-----+--------+

Top non-repeatable levels by time:
     D:1: 746 daAuts
     D:2: 458 daAuts
